[Event "FIN-ch Seniors 2019"]
[Site "Helsinki"]
[Date "2019.06.16"]
[Round "7.5"]
[White "Visti, Heikki"]
[Black "Sorri, Kari Juhani"]
[Result "0-1"]
[ECO "C55"]
[WhiteElo "2000"]
[BlackElo "2184"]
[Annotator "RC"]
[PlyCount "68"]
[EventDate "2019.06.10"]
[EventType "swiss"]
[EventCountry "FIN"]
[SourceTitle "playchess.com"]
[Source "ChessBase"]
[SourceQuality "1"]
[TimeControl "40/5400+30:1800+30"]

1. e4 e5 2. Nf3 Nc6 3. Bc4 Nf6 4. d3 Be7 5. O-O O-O 6. Nc3 d6 7. h3 Be6 8. Qe2 Nd4 9. Nxd4 exd4 10. Nd5 Nxd5 11. exd5 Bd7 12. Bd2 Bf6 13. f4 g6 14. Rae1 Bh4 15. Rd1 a5 16. a3 b5 17. Bb3 a4 18. Ba2 c5 19. Qf3 Bf6 20. c4 bxc4 21. dxc4 Rb8 22. Bc1 Bg7 23. g4 f5 24. g5 Re8 25. Qd3 Qe7 26. Rf2 Qe4 27. Rc2 Qxd3 28. Rxd3 Re1+ 29. Kg2 Rxc1 30. Rxc1 Rxb2+ 31. Kg3 Rxa2 32. Rb1 Kf7 33. Rb6 Ke7 34. h4 Re2 0-1

[Event "FIN-ch Seniors 2019"]
[Site "Helsinki"]
[Date "2019.06.18"]
[Round "9.1"]
[White "Hurme, Harri"]
[Black "Sorri, Kari Juhani"]
[Result "1-0"]
[ECO "E90"]
[WhiteElo "2122"]
[BlackElo "2184"]
[Annotator "NA"]
[PlyCount "91"]
[EventDate "2019.06.10"]
[EventType "swiss"]
[EventCountry "FIN"]
[SourceTitle "playchess.com"]
[Source "ChessBase"]
[SourceQuality "1"]
[TimeControl "40/5400+30:1800+30"]

1. d4 Nf6 2. c4 g6 3. Nc3 Bg7 4. e4 d6 5. h3 O-O 6. Bg5 Nbd7 7. Nf3 e5 8. d5 a6 9. Bd3 Qe8 10. O-O Kh8 11. Re1 Ng8 12. Nd2 f6 13. Be3 Qf7 14. Rc1 f5 15. exf5 gxf5 16. f4 e4 17. Be2 Ngf6 18. Nb3 Rg8 19. Nd4 Nf8 20. b4 Qg6 21. Bf1 Bd7 22. c5 Nh5 23. Nce2 Bf6 24. Qd2 Ng3 25. Nxg3 Qxg3 26. Kh1 Re8 27. cxd6 cxd6 28. Rc7 Re7 29. Rxb7 Bb5 30. Nxf5 Qxe1 31. Qxe1 Rxb7 32. Bxb5 Rxb5 33. Qd2 a5 34. a3 axb4 35. axb4 Nd7 36. Nxd6 Rbb8 37. Nxe4 Bg7 38. Ng5 Rge8 39. Bd4 Nf6 40. Qd3 Rb7 41. b5 Rd8 42. Ne6 Rxd5 43. Qc3 Rxd4 44. Qc8+ Bf8 45. Qxf8+ Ng8 46. Nxd4 1-0

[Event "FIN-ch Seniors 2019"]
[Site "Helsinki"]
[Date "2019.06.18"]
[Round "9.2"]
[White "Peltola, Leo"]
[Black "Nyrhinen, Harri"]
[Result "0-1"]
[ECO "B17"]
[WhiteElo "1933"]
[BlackElo "2001"]
[Annotator "NA"]
[PlyCount "102"]
[EventDate "2019.06.10"]
[EventType "swiss"]
[EventCountry "FIN"]
[SourceTitle "playchess.com"]
[Source "ChessBase"]
[SourceQuality "1"]
[TimeControl "40/5400+30:1800+30"]

1. e4 c6 2. d4 d5 3. Nd2 dxe4 4. Nxe4 Nd7 5. Nf3 Ngf6 6. Nxf6+ Nxf6 7. Bc4 e6 8. O-O Bd6 9. Bb3 Qc7 10. Qe2 O-O 11. Ne5 a5 12. a4 b5 13. Re1 b4 14. h3 c5 15. dxc5 Qxc5 16. Ng4 Nd5 17. Ne5 Qc7 18. Nd3 Bb7 19. Qg4 Kh8 20. Bg5 Rae8 21. Rad1 Rg8 22. Qc4 Qd7 23. Nc5 Bxc5 24. Qxc5 Qc6 25. Qxc6 Bxc6 26. Be3 Rc8 27. Rd2 h6 28. Bd4 Nf4 29. f3 Rgd8 30. Kf2 Rd7 31. Red1 Rcd8 32. Be3 Nd5 33. g3 Nxe3 34. Kxe3 Rxd2 35. Rxd2 Rxd2 36. Kxd2 Bxf3 37. Ke3 Bg2 38. h4 Kg8 39. Kd4 g5 40. hxg5 hxg5 41. c4 bxc3 42. Kxc3 Kf8 43. Bc4 Ke7 44. b4 axb4+ 45. Kxb4 Kd6 46. Be2 e5 47. Kc4 f5 48. a5 f4 49. gxf4 gxf4 50. Bg4 f3 51. Kd3 f2 0-1

[Event "FIN-ch Seniors 2019"]
[Site "Helsinki"]
[Date "2019.06.18"]
[Round "9.3"]
[White "Kivipelto, Kaj"]
[Black "Patola, Eero"]
[Result "1-0"]
[ECO "A10"]
[WhiteElo "2130"]
[BlackElo "1853"]
[Annotator "NA"]
[PlyCount "63"]
[EventDate "2019.06.10"]
[EventType "swiss"]
[EventCountry "FIN"]
[SourceTitle "playchess.com"]
[Source "ChessBase"]
[SourceQuality "1"]
[TimeControl "40/5400+30:1800+30"]

1. Nf3 f5 2. c4 Nf6 3. Nc3 d6 4. g3 g6 5. Bg2 Bg7 6. O-O O-O 7. d3 c6 8. Bd2 Na6 9. Rb1 Nc7 10. b4 Bd7 11. a4 a6 12. e4 e5 13. c5 Nfe8 14. Bg5 Bf6 15. cxd6 Ne6 16. Bxf6 Qxf6 17. Qb3 Nxd6 18. d4 Nf7 19. dxe5 Nxe5 20. Nxe5 Qxe5 21. exf5 Qxf5 22. Ne4 Kg7 23. Rbd1 Nc7 24. Qc3+ Kg8 25. Nd6 Qf6 26. Qxf6 Rxf6 27. Ne4 Rf7 28. Rxd7 Nd5 29. Rxf7 Kxf7 30. b5 axb5 31. axb5 Rb8 32. Ng5+ 1-0

[Event "FIN-ch Seniors 2019"]
[Site "Helsinki"]
[Date "2019.06.18"]
[Round "9.4"]
[White "Aakio, Seppo"]
[Black "Gronroos, Matti"]
[Result "1/2-1/2"]
[ECO "C45"]
[WhiteElo "2051"]
[BlackElo "1931"]
[Annotator "NA"]
[PlyCount "101"]
[EventDate "2019.06.10"]
[EventType "swiss"]
[EventCountry "FIN"]
[SourceTitle "playchess.com"]
[Source "ChessBase"]
[SourceQuality "1"]
[TimeControl "40/5400+30:1800+30"]

1. e4 e5 2. Nf3 Nc6 3. d4 exd4 4. Nxd4 Nge7 5. Nc3 Nxd4 6. Qxd4 Nc6 7. Qa4 Bc5 8. Nd5 O-O 9. Be3 Bxe3 10. Nxe3 d6 11. c3 Be6 12. Be2 Qd7 13. O-O Ne7 14. Bb5 Qc8 15. Bd3 f5 16. f3 f4 17. Nd1 Ng6 18. Nf2 Ne5 19. Rfd1 Qd8 20. Qc2 Qg5 21. Kf1 Rf6 22. h3 Rg6 23. Ng4 Nxd3 24. Rxd3 Bc4 25. Rad1 h5 26. Nh2 Qg3 27. Kg1 Bxd3 28. Rxd3 Re8 29. Rd2 Ree6 30. Qb3 Kh7 31. Qxb7 Rg5 32. Qxa7 Reg6 33. Qf2 Qxh3 34. Qf1 Qe6 35. a3 Qb3 36. Kh1 Qb6 37. Qe1 Rg3 38. Nf1 h4 39. e5 Re6 40. Qe4+ Reg6 41. e6 Qb5 42. Re2 Rxg2 43. c4 Qg5 44. Qxg6+ Qxg6 45. Rxg2 Qxe6 46. Nd2 Qe3 47. Kh2 Kh6 48. a4 Qc5 49. b3 g6 50. Re2 Qe3 51. Rg2 1/2-1/2

[Event "FIN-ch Seniors 2019"]
[Site "Helsinki"]
[Date "2019.06.18"]
[Round "9.5"]
[White "Auvinen, Esa"]
[Black "Kangas, Mauno"]
[Result "1/2-1/2"]
[ECO "B08"]
[WhiteElo "1899"]
[BlackElo "1831"]
[Annotator "NA"]
[PlyCount "40"]
[EventDate "2019.06.10"]
[EventType "swiss"]
[EventCountry "FIN"]
[SourceTitle "playchess.com"]
[Source "ChessBase"]
[SourceQuality "1"]
[TimeControl "40/5400+30:1800+30"]

1. e4 d6 2. d4 Nf6 3. Nc3 g6 4. Nf3 Bg7 5. Bc4 c6 6. a4 Bg4 7. h3 Bd7 8. O-O O-O 9. Re1 Na6 10. e5 Ne8 11. e6 Bxe6 12. Bxe6 fxe6 13. Ng5 Nac7 14. Nxe6 Nxe6 15. Rxe6 Nc7 16. Re2 e5 17. dxe5 Bxe5 18. Ne4 Ne6 19. c3 Qc7 20. Bh6 Rf5 1/2-1/2

[Event "FIN-ch Seniors 2019"]
[Site "Helsinki"]
[Date "2019.06.18"]
[Round "9.6"]
[White "Leukkunen, Raimo"]
[Black "Sihvonen, Tero"]
[Result "0-1"]
[ECO "A04"]
[WhiteElo "1876"]
[BlackElo "1983"]
[Annotator "NA"]
[PlyCount "68"]
[EventDate "2019.06.10"]
[EventType "swiss"]
[EventCountry "FIN"]
[SourceTitle "playchess.com"]
[Source "ChessBase"]
[SourceQuality "1"]
[TimeControl "40/5400+30:1800+30"]

1. g3 c5 2. Nf3 Nc6 3. d3 g6 4. Bg2 Bg7 5. e4 d6 6. O-O Nf6 7. c3 h6 8. Re1 O-O 9. d4 e5 10. d5 Ne7 11. Nbd2 Bg4 12. h3 Bd7 13. Nf1 Qc8 14. Kh2 c4 15. Ng1 Nh7 16. f4 f5 17. Qc2 Qe8 18. b3 Rc8 19. b4 Qf7 20. Rd1 fxe4 21. Bxe4 Nf6 22. fxe5 Nxe4 23. Qxe4 Qf2+ 24. Qg2 Qxg2+ 25. Kxg2 dxe5 26. Ne3 Nf5 27. g4 Nh4+ 28. Kh1 e4 29. Ng2 Nf3 30. Bb2 Ne5 31. Ne1 Nd3 32. Nxd3 cxd3 33. Rac1 Rf2 34. Ba1 Be5 0-1

[Event "FIN-ch Seniors 2019"]
[Site "Helsinki"]
[Date "2019.06.18"]
[Round "9.7"]
[White "Koskinen, Veikko"]
[Black "Lyly, Seppo"]
[Result "1-0"]
[ECO "A03"]
[WhiteElo "1866"]
[BlackElo "1907"]
[Annotator "NA"]
[PlyCount "77"]
[EventDate "2019.06.10"]
[EventType "swiss"]
[EventCountry "FIN"]
[SourceTitle "playchess.com"]
[Source "ChessBase"]
[SourceQuality "1"]
[TimeControl "40/5400+30:1800+30"]

1. f4 Nf6 2. Nf3 g6 3. g3 Bg7 4. Bg2 O-O 5. O-O c5 6. d3 d5 7. c3 Nc6 8. Na3 Rb8 9. Qc2 b5 10. e4 e6 11. e5 Ne8 12. Qf2 b4 13. Nb1 d4 14. Ng5 Bb7 15. Ne4 Qb6 16. Nbd2 Ba6 17. c4 f5 18. exf6 Nxf6 19. Nxf6+ Bxf6 20. Qe2 Rbe8 21. Bh3 Nd8 22. Ne4 Bg7 23. g4 Bb7 24. Bd2 Bxe4 25. Qxe4 Qc6 26. Bg2 Qxe4 27. Bxe4 Nf7 28. Rae1 Nd6 29. Bc6 Re7 30. h4 Rc8 31. Bg2 Rf8 32. Re2 Kh8 33. Rfe1 Rfe8 34. Bc6 Rc8 35. Bd5 e5 36. fxe5 Rce8 37. Bf4 Nf7 38. e6 Nd8 39. Bd6 1-0

[Event "FIN-ch Seniors 2019"]
[Site "Helsinki"]
[Date "2019.06.18"]
[Round "9.8"]
[White "Saharinen, Petri"]
[Black "Terasalo, Kari"]
[Result "1-0"]
[ECO "D06"]
[WhiteElo "1719"]
[BlackElo "1780"]
[Annotator "NA"]
[PlyCount "63"]
[EventDate "2019.06.10"]
[EventType "swiss"]
[EventCountry "FIN"]
[SourceTitle "playchess.com"]
[Source "ChessBase"]
[SourceQuality "1"]
[TimeControl "40/5400+30:1800+30"]

1. d4 Nf6 2. c4 e6 3. Nc3 d5 4. cxd5 Nxd5 5. e4 Nb6 6. Nf3 Be7 7. Bb5+ c6 8. Bd3 O-O 9. O-O N8d7 10. e5 Nd5 11. Nxd5 cxd5 12. Qc2 h6 13. Bd2 f6 14. Bh7+ Kh8 15. Nh4 f5 16. Bxf5 Bxh4 17. Bg6 Nb6 18. b3 Bd7 19. Qd3 Be8 20. g3 Be7 21. Rac1 Bg5 22. f4 Be7 23. h4 Bf7 24. f5 Bxg6 25. fxg6 Qd7 26. Rf7 Rxf7 27. gxf7 Bxh4 28. Qg6 Rf8 29. Rf1 Qe7 30. Bxh6 Rg8 31. Bxg7+ Rxg7 32. Qh6+ 1-0